 Dungeon Crawl Stone Soup version 0.31-a0-271-gb88eb75e06 (webtiles) character file.

Game seed: 10095756929751263806

48 drugrobin the Sneak (level 3, -3/30 HPs)
             Began as a Demigod Delver on July 15, 2023.
             Slain by an iguana (5 damage)
             ... on level 3 of the Dungeon.
             The game lasted 00:02:52 (599 turns).

drugrobin the Sneak (Demigod Delver)                 Turns: 599, Time: 00:02:53

Health: -3/30      AC: 10    Str: 17    XL:     3   Next: 30%
Magic:  5/5        EV:  8    Int: 15    God:
Gold:   38         SH:  0    Dex: 19    Spells: 2/2 levels left

rFire   . . .        e - +0 dagger (venom)
rCold   + . .        (no shield)
rNeg    . . .        k - +2 chain mail "Wikliboa" {rC+ Int+3 Dex+4}
rPois   .            (no helmet)
rElec   .            (no cloak)
rCorr   .            (no gloves)
SInv    .            (no boots)
Will    .....        (no amulet) Stlth
                     (no ring)
HPRegen 0.25/turn    (no ring)
MPRegen 0.09/turn

%: no passive effects
@: no status effects
A: high MP 1, forlorn, divine attributes
a: no special abilities


You were on level 3 of the Dungeon.
You visited 1 branch of the dungeon, and saw 3 of its levels.

You collected 38 gold pieces.

Inventory:

Hand Weapons
 a - a +0 spear
 b - a +0 shortbow
 e - a +0 dagger of venom (weapon)
Armour
 k - the +2 chain mail "Wikliboa" (worn) {rC+ Int+3 Dex+4}
   (You found it on level 3 of the Dungeon)

   Int:       It affects your intelligence (+3).
   Dex:       It affects your dexterity (+4).
   rC:        It protects you from cold.
Wands
 g - a wand of digging (3)
Scrolls
 c - 3 scrolls of fog
 d - a scroll of revelation
 h - a scroll of identify {unknown}
Potions
 f - a potion of haste
 i - a potion of degeneration {unknown}


   Skills:
 - Level 2.6 Fighting
 + Level 3.6 Polearms
 - Level 1.7 Dodging
 - Level 4.5 Stealth


You had 2 spell levels left.
You didn't know any spells.
Your spell library was empty.

Dungeon Overview and Level Annotations

Branches:
Dungeon (5/15)
 Temple: D:4-7


Innate Abilities, Weirdness & Mutations

You have an increased reservoir of magic. (+10% MP)
You shall have no god before yourself.
Your divine heritage dramatically boosts your attributes as you level up.


Message History

You shoot an arrow. The arrow barely misses the orc.
Unknown command.
Unknown command.
Fire: b) +0 shortbow
Press: ? - help, Q - select action Shift-Dir - straight line, f/p - orc
Aim: an orc, wielding a +0 dagger of venom and wearing a +0 leather armour (lightly wounded, 62% to hit)
You shoot an arrow. The arrow hits the orc!
You kill the orc!
Unknown command.
Things that are here:
a +0 dagger of venom; a +0 leather armour
e - a +0 dagger of venom
Okay, then.
Fire: b) +0 shortbow
Press: ? - help, Q - select action Shift-Dir - straight line, f - iguana
Aim: an iguana (heavily wounded, 65% to hit)
You shoot an arrow. The arrow hits the iguana.
The iguana is heavily wounded.
Unknown command.
Found a scroll labelled EWOMISOMID.
Fire: b) +0 shortbow
Press: ? - help, Q - select action Shift-Dir - straight line, f/p - iguana
Aim: an iguana (heavily wounded, 65% to hit)
You shoot an arrow. The arrow barely misses the iguana.
Unknown command.
Unknown command.
a - a +0 spear (weapon)
Your +0 dagger of venom begins to drip with poison!
e - a +0 dagger of venom (weapon)
You hit the iguana but do no damage.
The iguana is poisoned.
The iguana is heavily wounded.
The iguana closely misses you.
You hit the iguana but do no damage.
The iguana looks as sick as possible!
The iguana is heavily wounded.
The iguana bites you!
* * * LOW HITPOINT WARNING * * *
Unknown command.
Unknown command.
The iguana attacks as you move away! The iguana bites you.
You die...

####.......#.#.....#..######...
#.......+...._........).'...
#.......#.#.....#.#...###...
#########.........###..##...
#[#.⌠.⌠.#.####..#...
#............##.#...
#.#.....#....##'#...
#..l................
#..@#.####.......... #.....#
#..........
..........###.........
............# #.[.......
............# #.........
............# #.........
............# #.........
..?.........# ...... ......


You could see an iguana (extremely poisoned).

Vanquished Creatures
  3 adders
  2 orcs
  A bat (D:3)
  A hobgoblin (D:3)
  4 jackals (D:4)
  2 kobolds (D:3)
  A quokka (D:3)
  A ball python (D:3)
  A frilled lizard (D:3)
  2 goblins
  2 rats (D:3)
20 creatures vanquished.

Notes
Turn   | Place    | Note
-------+----------+-------------------------------------------
     0 | D:5      | drugrobin the Demigod Delver began the quest for the Orb.
     0 | D:5      | Reached XP level 1. HP: 18/18 MP: 3/3
   117 | D:4      | Noticed a hound
   117 | D:4      | Noticed a black bear
   117 | D:4      | Noticed an iguana
   161 | D:4      | Reached XP level 2. HP: 16/25 MP: 4/4
   289 | D:3      | Identified the +2 chain mail "Wikliboa" {rC+ Int+3 Dex+4}
   501 | D:3      | Reached XP level 3. HP: 30/30 MP: 5/5
   599 | D:3      | Slain by an iguana

Illustrated notes

Levels and vault maps discovered:
D:3:      layout_basic, elyvilon_altar_5, general_overflow_altar,
          mainiacjoe_overflow_catwalk, ebering_ecumenical_altar_box
D:4:      layout_rooms, minmay_temple_entry_mist
D:5:      layout_basic

Skill      XL: |  1  2 |
---------------+-------+-----
Polearms       | 2 3 |  3.6
Fighting       | |  2.6
Dodging        | |  1.7
Stealth        | |  4.5

Action                     || total
---------------------------++-------
  Melee: Spear             ||    97
         Dagger            ||     2
   Fire: Shortbow          ||     8
    Use: Scroll            ||     1
 Armour: Leather armour    ||     8
         Chain mail        ||    22
  Dodge: Dodged            ||    48

Table legend: (Time is in decaauts)
 A = Elapsed time spent in this place.
 B = Non-inter-level travel time spent in this place.
 C = Inter-level travel time spent in this place.
 D = Time resting spent in this place.
 E = Time spent auto-exploring this place.
 F = Levels seen in this place.
 G = Mean time per level.
                   A        B        C        D        E       F      G
               +--------+--------+--------+--------+--------+-----+--------+
         Total |    598 |    593 |      5 |    107 |    152 |   3 |  199.3 |
       Dungeon |    598 |    593 |      5 |    107 |    152 |   3 |  199.3 |
               +--------+--------+--------+--------+--------+-----+--------+

Top non-repeatable levels by time:
     D:3: 332 daAuts
     D:4: 151 daAuts
     D:5: 113 daAuts
